 Dungeon Crawl Stone Soup version 0.14-a0-2381-g4cacdb4 (webtiles) character file.

484 RedPan the Cudgeler (level 6, -3/37 HPs)
             Began as a Gargoyle Fighter on Feb 2, 2014.
             Slain by katzbalger's ghost (5 damage)
             ... on Level 5 of the Dungeon.
             The game lasted 00:11:52 (3896 turns).

RedPan the Cudgeler (Gargoyle Fighter)              Turns: 3896, Time: 00:11:53

HP  -3/37        AC 12     Str 21      XL: 6   Next: 43%
MP   6/6         EV  6     Int  9      God:
Gold 171         SH 18     Dex  9      Spells:  0 memorised,  5 levels left

rFire  . . .     SeeInvis .     l - +0 whip
rCold  . . .     Clarity  .     b - +0 scale mail
rNeg   + . .     Conserve .     c - +0 shield
rPois  +         rCorr    .     (no helmet)
rElec  +         rRot     +     (no cloak)
SustAb . .       Spirit   .     (no gloves)
rMut   .         Warding  .     w - +0 pair of boots
Saprov . . .     Stasis   .     (no amulet)
MR     .....                    (no ring)
                                (no ring)

@: not resistant to hostile enchantments, extremely unstealthy
A: life protection 1, electricity resistance, unbreathing, petrification
resistance, AC +4
a: no special abilities


You were on level 5 of the Dungeon.
You were not hungry.

You visited 1 branch of the dungeon, and saw 5 of its levels.

You collected 171 gold pieces.

Inventory:

Hand weapons
 a - a +0,+0 mace
 l - a +0,+0 whip (weapon)
Armour
 b - a +0 scale mail (worn)
 c - a +0 shield (worn)
 w - a +0 pair of boots (worn)
Magical devices
 q - a wand of confusion (14)
 B - a wand of magic darts (11) {unknown}
Comestibles
 d - 5 bread rations
 g - 2 meat rations
 s - a pear
 x - 12 grapes
 z - a banana
Scrolls
 e - 2 scrolls of remove curse {unknown}
 f - 4 scrolls of teleportation
 h - a scroll of noise {unknown}
 i - a scroll of enchant armour {unknown}
 j - a scroll of curse weapon {unknown}
 k - a scroll of immolation
 m - 2 scrolls of blinking
 n - a scroll of amnesia
 o - a scroll of enchant weapon II {unknown}
 p - 5 scrolls of identify
 r - a scroll of curse jewellery {unknown}
 u - a scroll of enchant weapon I {unknown}
 y - a scroll of curse armour {unknown}
Potions
 t - a potion of paralysis {unknown}
 v - 2 potions of restore abilities
 A - a potion of might {unknown}


   Skills:
 - Level 3.2 Fighting
 + Level 7.2 Maces & Flails
 - Level 3.2 Armour
 - Level 3.2 Shields


You had 5 spell levels left.
You didn't know any spells.

Dungeon Overview and Level Annotations

Branches:
Dungeon (5/16)
 Temple: D:4-7

Altars:
Nemelex Xobeh

Shops:
D:5 :

Annotations:
D:5 katzbalger's ghost, experienced HuAs


Innate Abilities, Weirdness & Mutations

You are resistant to torment.
You are immune to poison.
Your stone body is very resilient (AC +4).
You resist negative energy.
You are resistant to electric shocks.
You can survive without breathing.
You are immune to petrification.


Message History

* * * LOW HITPOINT WARNING * * *
You hit katzbalger's ghost but do no damage.
Katzbalger's ghost is almost destroyed.
Katzbalger's ghost hits you but does no damage.
You hit katzbalger's ghost but do no damage.
Katzbalger's ghost is almost destroyed.
Katzbalger's ghost hits you but does no damage.
You hit katzbalger's ghost but do no damage.
Katzbalger's ghost is almost destroyed.
Katzbalger's ghost hits you but does no damage.
You closely miss katzbalger's ghost.
Katzbalger's ghost is almost destroyed.
You hit katzbalger's ghost but do no damage.
Katzbalger's ghost is almost destroyed.
Katzbalger's ghost hits you.
* * * LOW HITPOINT WARNING * * *
You hit katzbalger's ghost but do no damage.
Katzbalger's ghost is almost destroyed.
Katzbalger's ghost hits you.
You die...

#.....'..................#
#.#####..................#
#.# #..................#
#.# #..................#
#.# #.#.##################
#.# #.#.# #.#.#.#.#
######.#.#.#.###########
+.............>@p.......
######.#.#...#.#########
#.#.....#.# #.#####.#.#
#.#<....#.# #.#######.#
#.........# ###########


You could see katzbalger's ghost.

Vanquished Creatures
  A hound (D:4)
  An orc wizard (D:4)
  A worker ant (D:4)
  7 gnolls (D:3)
  3 adders
  4 worms
  3 giant geckos
  2 oozes
  12 orcs
  9 bats
  2 giant cockroaches
  8 hobgoblins
  16 jackals
  3 quokkas
  2 ball pythons
  7 goblins
  A hobgoblin skeleton (D:4)
  7 kobolds
  14 rats
  2 rat skeletons
105 creatures vanquished.

Notes
Turn   | Place    | Note
--------------------------------------------------------------
     0 | D:1      | RedPan, the Gargoyle Fighter, began the quest for the Orb.
     0 | D:1      | Reached XP level 1. HP: 14/14 MP: 1/1
   131 | D:1      | Reached XP level 2. HP: 17/19 MP: 2/2
   561 | D:1      | Reached XP level 3. HP: 23/23 MP: 3/3
   615 | D:2      | Reached skill level 4 in Maces & Flails
   904 | D:2      | Reached XP level 4. HP: 15/28 MP: 4/4
  1367 | D:3      | Reached skill level 5 in Maces & Flails
  1720 | D:3      | Reached XP level 5. HP: 24/32 MP: 5/5
  2332 | D:3      | Reached skill level 6 in Maces & Flails
  2578 | D:3      | Found a sparkling altar of Nemelex Xobeh.
  3064 | D:4      | Reached XP level 6. HP: 32/37 MP: 6/6
  3129 | D:4      | Reached skill level 7 in Maces & Flails
  3691 | D:5      | Entered Level 5 of the Dungeon
  3755 | D:5      | Found Wijasal's Book Shoppe.
  3834 | D:5      | Noticed katzbalger's ghost (experienced HuAs)
  3896 | D:5      | Slain by katzbalger's ghost

Action                   |  1- 3 |  4- 6 || total
-------------------------+-------+-------++-------
Melee: Mace              |    59 |       ||    59
       Whip              |   135 |   564 ||   699
Evoke: Wand              |       |     1 ||     1
  Use: Scroll            |       |     6 ||     6
